 Dungeon Crawl Stone Soup version 0.20.0-10-g0535bb4 (webtiles) character file.

150576 Naow the Warrior (level 17, -6/119 HPs)
             Began as a Gargoyle Fighter on June 7, 2017.
             Was a High Priest of Okawaru.
             Mangled by a snapping turtle (13 damage)
             ... on level 4 of the Shoals.
             The game lasted 01:24:05 (33916 turns).

Naow the Warrior (Gargoyle Fighter)                Turns: 33916, Time: 01:24:05

Health: -6/119     AC: 30    Str: 28    XL:     17   Next: 54%
Magic:  0/28       EV: 10    Int: 14    God:    Okawaru [*****.]
Gold:   664        SH: 35    Dex: 11    Spells: 22/24 levels left

rFire    . . .     SeeInvis .   V - +7 morningstar (vamp)
rCold    . . .     Gourm    .   K - +18 shield of the Gong {rElec rN+ MR+ EV-5}
rNeg     + + .     Faith    .   Q - +4 moon troll leather armour {Spirit, Regen++ MP+5}
rPois    ∞         Spirit   +   M - +2 hat {Int+3}
rElec    +         Reflect  +   C - scarf {repulsion}
rCorr    .         Harm     .   X - +1 pair of gloves {Str+3}
MR       ++...                  y - +0 pair of boots
Stlth    ++........             I - +2 amulet of reflection
Regen    1.1/turn               k - +6 ring of slaying
MPRegen  0.3/turn               E - ring "Wotom" {Dex+2 Slay+2}

@: heroism, finesse, flying, mesmerised, repel missiles
A: big wings, blurry vision 1, negative energy resistance 1, electricity
resistance, unbreathing, petrification resistance, rot immunity, AC +12
a: Stop Flying, Heroism, Finesse, Renounce Religion


You were on level 4 of the Shoals.
You worshipped Okawaru.
Okawaru was extremely pleased with you.
You were not hungry.

You visited 4 branches of the dungeon, and saw 27 of its levels.
You visited 1 bazaar.
You also visited: Bailey and Ice Cave.

You collected 3835 gold pieces.
You spent 3171 gold pieces at shops.

Inventory:

Hand Weapons
 V - a +7 vampiric morningstar (weapon)
 Z - a +0 blowgun
Missiles
 a - 6 curare-tipped needles
Armour
 y - a +0 pair of boots (worn)
 z - the +4 ring mail of Broken Taboos {rElec, unknown}
   (You found it on level 2 of the Shoals)

   It insulates you from electricity.
 C - a scarf of repulsion (worn)
 K - the +18 shield of the Gong (worn) {rElec rN+ MR+ EV-5}
   (You found it on level 1 of the Shoals)

   It affects your evasion (-5).
   It insulates you from electricity.
   It protects you from negative energy.
   It affects your resistance to hostile enchantments.
 M - a +2 hat of intelligence (worn)
 O - a +2 shield
 Q - the +4 moon troll leather armour (worn) {Spirit, Regen++ MP+5}
   (You found it on level 6 of the Lair of Beasts)

   It affects your magic capacity (+5).
   It increases your rate of regeneration.
 X - a +1 pair of gloves of strength (worn)
Jewellery
 i - a +4 ring of evasion
 k - a +6 ring of slaying (left hand)
 l - a +4 ring of evasion
 E - the ring "Wotom" (right hand) {Dex+2 Slay+2}
   (You bought it in a shop in a bazaar)

   [ring of dexterity]

   It affects your dexterity (+2).
   It affects your accuracy and damage with ranged weapons and melee attacks
   (+2).
 I - a +2 amulet of reflection (around neck)
 L - an uncursed ring of resist corrosion
 S - an uncursed ring of protection from magic
 Y - the ring "Qiatynk" {Str+4 SInv}
   (You found it on level 6 of the Lair of Beasts)

   [ring of see invisible]

   It affects your strength (+4).
   It lets you see invisible.
Wands
 h - a wand of acid (11/15)
 x - a wand of acid (6/15)
Scrolls
 b - 3 scrolls of blinking
 m - 17 scrolls of teleportation
 n - 23 scrolls of remove curse
 r - a scroll of enchant armour
 t - a scroll of fog
 u - 2 scrolls of fear
 v - 6 scrolls of identify
 w - a scroll of amnesia
 F - 3 scrolls of silence
 H - 2 scrolls of enchant weapon
Potions
 d - a potion of brilliance
 e - a potion of agility
 j - a potion of cancellation
 o - 4 potions of ambrosia
 p - 9 potions of curing
 q - 6 potions of heal wounds
 A - a potion of berserk rage
 J - 7 potions of haste
 R - 2 potions of might
 T - 3 potions of resistance
Books
 B - a book of Burglary

   Spells                             Type                      Level
   a - Swiftness                      Charms/Air                   2
   b - Passwall                       Transmutation/Earth          2
   c - Passage of Golubria            Translocation                4
   d - Lee's Rapid Deconstruction     Earth                        5
   e - Darkness                       Hexes                        6
   f - Invisibility                   Hexes                        6
 G - Roxanne's Papyrus of Clay
   (You took it off Roxanne on level 3 of the Shoals)

   Spells                             Type                      Level
   a - Sandblast                      Earth                        1
   b - Passwall                       Transmutation/Earth          2
   c - Bolt of Magma                  Conjuration/Fire/Earth       5
   d - Lee's Rapid Deconstruction     Earth                        5
   e - Statue Form                    Transmutation/Earth          6
Comestibles
 c - 4 bread rations
 f - 7 chunks of flesh
 g - 3 royal jellies
 s - 5 meat rations
 D - 32 fruits


   Skills:
 * Level 18.1(23.1) Fighting
 + Level 16.2(21.2) Maces & Flails
 - Level 5.1(10.1) Throwing
 - Level 12.8(17.8) Armour
 + Level 3.0(8.0) Dodging
 * Level 12.7(17.7) Shields
 - Level 4.3 Spellcasting
 - Level 4.4 Translocations
 - Level 8.0 Invocations


You had 22 spell levels left.
You knew the following spells:

 Your Spells              Type           Power        Failure   Level  Hunger
a - Blink                 Tloc           N/A          4%          2    ##.....


Dungeon Overview and Level Annotations

Branches:
Dungeon (15/15)            Temple (0/1) D:7            Lair (6/6) D:8
 Shoals (4/4) Lair:3        Snake (2/4) Lair:3        Slime (0/5) Lair:6
    Orc (0/2) D:9          Vaults (0/5) D:14
 Depths: D:15

Altars:
Ashenzari
Dithmenos
Fedhas
Kikubaaqudgha
Nemelex Xobeh
Okawaru
Ru
Sif Muna
Trog
Uskayaw
Xom
Yredelemnul
Beogh
Jiyva

Shops:
D:8 (   D:14 *:!(   Shoals:1 =   Shoals:3 [

Annotations:
D:2 exclusion: oklob plant
D:4 1 exclusion
Shoals:4 Polyphemus; Serafim's ghost, adept MiFi


Innate Abilities, Weirdness & Mutations

You are resistant to torment.
Your stone body is resilient. (AC +12)
You are immune to poison.
Your large and strong wings let you fly indefinitely.
You resist negative energy. (rN+)
You are resistant to electric shocks. (rElec)
You can survive without breathing.
You are immune to petrification.
You are immune to rotting.
Scrolls take you a little longer to read.


Message History

You hear an angry hiss.
You hear a shout!
You hear an angry hiss. x2
A catoblepas comes into view.
You are too mesmerised to rage.
You hit the merfolk.
You feel better.
The merfolk is severely wounded.
You block the merfolk impaler's attack.
GONNNNG!
Serafim's ghost hits you!
* * * LOW HITPOINT WARNING * * *
You block the faun's attack.
GONNNNG!
You block the merfolk's attack.
PANG!
The merfolk javelineer hits you from afar with a spear of venom!
* * * LOW HITPOINT WARNING * * *
The harpy claws you but does no damage. You block the harpy's attack.
GONNNNG!
The merfolk javelineer closely misses you.
The snapping turtle bites you from afar!
You die...

P≈ ≈≈≈≈≈≈≈...
P≈.. ...........
PP≈#≈# ..........
≈≈#≈≈≈#m.[.......
≈#≈≈≈≈≈#.........
.≈≈≈≈≈≈≈.....≈.≈≈
#≈≈≈≈≈#m.mm..≈††
#≈≈≈#mHSW..≈.((
#≈tH@mm(≈(..
...S...mHmc..≈...
.......m..mm.≈...
..........mY..≈≈(
............Y.%..
............m.C..
..............Y.$
................≈


You could see Polyphemus, a merfolk avatar, a merfolk impaler, 4 merfolk
javelineers, 2 death yaks, a catoblepas, 2 sea snakes, a snapping turtle, 7
merfolk, a faun, a manticore, a merfolk siren, 2 harpies and Serafim's ghost.

Vanquished Creatures
  Jorgrun (Shoals:3)
  Asterion (Snake:2)
  Gastronok (Lair:3)
  Roxanne (Shoals:3)
  Ilsuiw (Shoals:3)
  Louise (Snake:2)
  Snorg (D:14)
  A merfolk javelineer (Shoals:4)
  The ghost of boben the Fighter, a journeyman DsWn of Yredelemnul (D:11)
  An alligator snapping turtle (Shoals:3)
  8 hydras
  2 naga warriors (Snake:1)
  A catoblepas (Lair:3)
  An anaconda (Snake:1)
  2 ice dragons (IceCv)
  2 centaur warriors (D:15)
  A merfolk aquamancer (Shoals:2)
  5 merfolk avatars
  A two-headed ogre (D:8)
  A satyr (Shoals:3)
  4 tengu warriors
  4 death yaks
  The ghost of Fv001 the Prestidigitator, a novice FoFi of Okawaru (D:8)
  3 naga sharpshooters
  5 shock serpents
  A fire crab (Shoals:3)
  11 sea snakes
  2 unseen horrors
  2 naga ritualists (Snake:2)
  Pikel (D:7)
  3 orc knights (Bailey)
  13 harpies
  2 necromancers (D:14)
  5 oklob plants
  2 deep elf magi
  6 manticores
  3 ugly things
  11 fauns
  7 mana vipers
  2 cyclopes
  3 salamanders
  Joseph (D:7)
  14 black mambas
  Maurice (D:10)
  16 elephants (Lair:6)
  A molten gargoyle (D:11)
  6 water nymphs
  6 merfolk sirens
  2 ice statues (IceCv)
  2 naga magi (Snake:1)
  3 gargoyles
  13 spiny frogs
  3 kobold demonologists
  5 rime drakes
  6 komodo dragons
  A yaktaur (D:15)
  A tengu conjurer (D:15)
  2 wind drakes (Shoals:2)
  16 merfolk
  6 trolls
  4 polar bears
  Prince Ribbit (D:7)
  21 blink frogs
  2 snapping turtles
  10 dream sheep
  5 hornets
  A blink frog (shapeshifter) (D:14)
  3 centaur simulacra (D:15)
  18 hippogriffs
  2 wyverns
  12 spriggans (Lair:6)
  3 water elementals
  A wraith (D:10)
  A yak (shapeshifter) (D:14)
  A basilisk (shapeshifter) (D:13)
  A tarantella (shapeshifter) (D:14)
  2 fire bats (Shoals:3)
  42 yaks
  3 hungry ghosts
  3 basilisks
  A fire elemental (D:11)
  17 vampire mosquitoes
  A steam dragon (D:11)
  Edmund (D:4)
  17 nagas
  Duvessa (D:7)
  20 orc warriors
  18 water moccasins
  6 porcupines
  20 ice beasts
  3 slaves (D:7)
  5 black bears
  A phantom (D:12)
  A hornet zombie (D:8)
  3 sky beasts
  30 wolves
  An eye of draining (D:15)
  5 boggarts (Lair:6)
  8 ogres
  14 centaurs
  13 crocodiles
  Blork the orc (D:4)
  5 big kobolds
  14 bullfrogs
  Dowan (D:7)
  A wyvern skeleton (D:7)
  2 scorpions
  12 killer bees
  5 howler monkeys
  20 wights
  5 electric eels
  4 crimson imps
  4 lava snakes (D:11)
  3 bullfrog zombies
  5 centaur zombies
  2 quasits
  15 hounds
  9 orc wizards
  12 orc priests
  2 jellies
  Ijyb (D:4)
  A bullfrog skeleton (D:7)
  2 centaur skeletons
  A gnoll shaman (D:7)
  3 iguanas
  11 worker ants
  A killer bee zombie (D:9)
  A hound skeleton (D:7)
  2 worker ant zombies
  Robin (D:2)
  19 gnolls
  14 adders
  7 shadow imps
  2 oozes
  2 adder skeletons (D:4)
  An adder zombie (D:5)
  3 worms
  5 dart slugs
  4 leopard geckos
  85 orcs
  6 giant cockroaches
  13 goblins
  11 hobgoblins
  8 jackals
  9 quokkas
  4 bats
  4 frilled lizards
  2 gnoll zombies (D:7)
  14 kobolds
  A quokka skeleton (D:7)
  7 rats
  A fungus (Lair:6)
920 creatures vanquished.

Vanquished Creatures (others)
  2 merfolk javelineers (Shoals:3)
  A satyr (Shoals:3)
  3 naga sharpshooters
  Sonja (D:12)
  3 cyclopes
  A faun (Shoals:2)
  A slave (D:7)
  A centaur (D:15)
  2 orcs
  A fire vortex (D:11)
  13 fungi
  15 plants
44 creatures vanquished.

Grand Total: 964 creatures vanquished

Notes
Turn   | Place    | Note
-------+----------+-------------------------------------------
     0 | D:1      | Naow the Gargoyle Fighter began the quest for the Orb.
     0 | D:1      | Reached XP level 1. HP: 14/14 MP: 1/1
   209 | D:1      | Reached XP level 2. HP: 19/19 MP: 2/2
   607 | D:1      | Reached XP level 3. HP: 23/23 MP: 3/3
  1073 | D:2      | Noticed Robin
  1106 | D:2      | Killed Robin
  1136 | D:2      | Reached XP level 4. HP: 13/28 MP: 4/4
  1392 | D:2      | Found a blossoming altar of Fedhas.
  1405 | D:2      | Noticed an oklob plant
  2212 | D:3      | Reached XP level 5. HP: 32/32 MP: 5/5
  2985 | D:4      | Reached skill level 5 in Maces & Flails
  3030 | D:4      | Reached XP level 6. HP: 27/37 MP: 6/6
  3120 | D:4      | Noticed Blork the orc
  3133 | D:4      | Killed Blork the orc
  3416 | D:4      | Reached skill level 5 in Shields
  3428 | D:4      | Noticed Ijyb
  3455 | D:4      | Killed Ijyb
  3841 | D:4      | Noticed Edmund
  3869 | D:4      | Killed Edmund
  3869 | D:4      | Reached XP level 7. HP: 15/41 MP: 7/7
  4473 | D:5      | Entered Level 5 of the Dungeon
  4533 | D:5      | Found a shattered altar of Ashenzari.
  5122 | D:5      | Reached XP level 8. HP: 17/46 MP: 8/8
  5499 | D:5      | Found an ancient bone altar of Kikubaaqudgha.
  6519 | D:4      | Got a transparent chain mail
  6530 | D:4      | Identified the +4 chain mail of Ysassann {rF+ Str+4 Dex+2} (You found it on level 4 of the Dungeon)
  6636 | D:5      | Found a hide-covered altar of Uskayaw.
  6643 | D:5      | Found a bloodstained altar of Trog.
  6646 | D:5      | Found a sparkling altar of Nemelex Xobeh.
  6848 | D:6      | Reached XP level 9. HP: 40/51 MP: 9/9
  7015 | D:6      | Found a shimmering altar of Xom.
  7467 | D:6      | Reached skill level 10 in Maces & Flails
  7956 | D:8      | Noticed a troll
  8180 | D:7      | Found a basalt altar of Yredelemnul.
  8246 | D:7      | Noticed Joseph
  8262 | D:7      | Killed Joseph
  8615 | D:7      | Noticed Prince Ribbit
  8623 | D:7      | Reached XP level 10. HP: 56/56 MP: 10/10
  8634 | D:7      | Killed Prince Ribbit
  8833 | D:7      | Found an iron altar of Okawaru.
  8841 | D:7      | Became a worshipper of Warmaster Okawaru
  8949 | D:7      | Noticed Pikel
  8987 | D:7      | Killed Pikel
  8987 | D:7      | Reached * piety under Okawaru
  9040 | D:7      | Found a sacrificial altar of Ru.
  9059 | D:7      | Found a staircase to the Ecumenical Temple.
  9213 | D:7      | Noticed Duvessa
  9213 | D:7      | Noticed Dowan
  9239 | D:7      | Killed Duvessa
  9250 | D:7      | Killed Dowan
  9430 | D:7      | Reached skill level 10 in Shields
  9850 | D:7      | Reached skill level 1 in Invocations
  9907 | D:8      | Found a staircase to the Lair.
 10001 | D:9      | Reached ** piety under Okawaru
 10001 | D:9      | Reached skill level 4 in Fighting
 10188 | D:9      | Reached XP level 11. HP: 62/62 MP: 13/13
 10227 | D:9      | Reached skill level 5 in Armour
 10260 | D:9      | Reached skill level 5 in Fighting
 10322 | D:9      | Reached *** piety under Okawaru
 10623 | D:8      | Noticed Fv001's ghost (novice FoFi)
 10904 | D:8      | Killed Fv001's ghost
 11039 | D:8      | Reached skill level 5 in Invocations
 11404 | D:8      | Found a deep blue altar of Sif Muna.
 11554 | D:8      | Reached skill level 6 in Fighting
 11615 | D:8      | Noticed a two-headed ogre
 11632 | D:8      | Killed a two-headed ogre
 11632 | D:8      | Reached **** piety under Okawaru
 11826 | D:8      | Found Honuss's Weapon Shoppe.
 12036 | D:8      | Received a gift from Okawaru
 12571 | D:9      | Found a roughly hewn altar of Beogh.
 12609 | D:9      | Reached skill level 1 in Throwing
 13024 | D:9      | Found a roughly hewn altar of Beogh.
 13024 | D:9      | Found a staircase to the Orcish Mines.
 13151 | D:9      | You fall through a shaft for 3 floors!
 13181 | D:11     | Noticed boben's ghost (journeyman DsWn)
 13183 | D:11     | Noticed a red ugly thing
 13223 | D:12     | Killed a red ugly thing
 13223 | D:12     | Reached skill level 7 in Fighting
 13351 | D:12     | Received a gift from Okawaru
 13507 | D:12     | Found a sparkling altar of Nemelex Xobeh.
 13543 | D:12     | Noticed Sonja
 13558 | D:12     | Killed Sonja
 13593 | D:12     | Found a flagged portal.
 13708 | Bailey   | Entered a bailey
 13710 | Bailey   | Noticed an orc knight
 13710 | Bailey   | Noticed an orc knight
 13976 | Bailey   | Killed an orc knight
 13976 | Bailey   | Reached XP level 12. HP: 73/73 MP: 17/17
 14154 | Bailey   | Reached skill level 8 in Fighting
 14326 | D:11     | Reached ***** piety under Okawaru
 14443 | D:10     | Entered Level 10 of the Dungeon
 14522 | D:10     | Noticed Maurice
 14545 | D:10     | Killed Maurice
 14704 | D:10     | Reached skill level 9 in Fighting
 14996 | D:10     | Reached skill level 5 in Throwing
 15057 | D:10     | Received a gift from Okawaru
 16369 | D:11     | Killed boben's ghost
 17082 | D:12     | Reached skill level 10 in Fighting
 17516 | D:13     | Noticed a tengu warrior
 17559 | D:13     | Killed a tengu warrior
 17559 | D:13     | Reached XP level 13. HP: 55/83 MP: 17/19
 17786 | D:13     | Noticed Snorg
 17813 | D:14     | Killed Snorg
 17813 | D:14     | Received a gift from Okawaru
 18105 | D:14     | Found Inoich's Weapon Boutique.
 18272 | D:14     | Found Nupsiss's Assorted Antiques.
 18303 | D:14     | Found Qitodiy's Book Shop.
 18816 | D:14     | Found a gate to the Vaults.
 18829 | D:14     | Reached skill level 11 in Fighting
 19171 | D:14     | Found Retiuplu's Distillery.
 19318 | D:15     | Entered Level 15 of the Dungeon
 19360 | D:15     | Received a gift from Okawaru
 19552 | D:15     | Received a gift from Okawaru
 19740 | D:15     | Reached skill level 10 in Armour
 19847 | D:15     | Reached skill level 12 in Fighting
 20273 | D:15     | Noticed an ice dragon
 20274 | D:15     | Noticed an ice dragon
 20283 | D:15     | HP: 2/86 [ice dragon/blast of cold (18)]
 20773 | D:11     | Gained mutation: Scrolls take you a little longer to read. [a neqoxec]
 20777 | D:11     | Received a gift from Okawaru
 21244 | D:11     | Gained mutation: Your large and strong wings let you fly indefinitely. [Gargoyle growth]
 21244 | D:11     | Reached XP level 14. HP: 91/92 MP: 20/20
 21606 | D:11     | Found a shadowy altar of Dithmenos.
 21956 | Lair:1   | Entered Level 1 of the Lair of Beasts
 22025 | Lair:1   | Received a gift from Okawaru
 23007 | Lair:2   | Found a frozen archway.
 23017 | Lair:2   | Reached skill level 13 in Fighting
 23038 | IceCv    | Entered an ice cave
 24278 | Lair:3   | Found a staircase to the Shoals.
 24622 | Lair:3   | Received a gift from Okawaru
 24735 | Lair:3   | Noticed Gastronok
 24756 | Lair:3   | Reached skill level 14 in Fighting
 24789 | Lair:3   | Killed Gastronok
 24903 | Lair:3   | Found a staircase to the Snake Pit.
 25255 | Snake:1  | Entered Level 1 of the Snake Pit
 25293 | Snake:1  | Received a gift from Okawaru
 25653 | Snake:1  | Reached ****** piety under Okawaru
 25694 | Snake:1  | Reached XP level 15. HP: 97/101 MP: 21/21
 26234 | Snake:2  | Noticed Asterion
 26235 | Snake:2  | Reached skill level 15 in Fighting
 26257 | Snake:2  | Received a gift from Okawaru
 26257 | Snake:2  | Reached skill level 15 in Maces & Flails
 26321 | Snake:2  | Killed Asterion
 26385 | Snake:2  | Noticed Louise
 26428 | Snake:2  | Killed Louise
 26538 | Snake:2  | Found a gateway to a bazaar.
 26578 | Bazaar   | Entered a bazaar
 26579 | Bazaar   | Found Mackenn's Jewellery Emporium.
 26579 | Bazaar   | Found Pirogriuc's Weapon Emporium.
 26580 | Bazaar   | Found Evyt Nag's Weapon Boutique.
 26704 | Bazaar   | Found Pegy's Magic Scroll Shop.
 26712 | Bazaar   | Bought a scroll of identify for 18 gold pieces
 26712 | Bazaar   | Bought a scroll of magic mapping for 31 gold pieces
 26712 | Bazaar   | Bought a scroll of acquirement for 468 gold pieces
 26712 | Bazaar   | Bought a scroll of teleportation for 27 gold pieces
 26723 | Bazaar   | Bought the ring "Wotom" {Dex+2 Slay+2} for 183 gold pieces
 27858 | Lair:5   | Reached skill level 16 in Fighting
 27882 | Lair:5   | Learned a level 2 spell: Blink
 28175 | Lair:5   | Reached skill level 1 in Spellcasting
 28210 | Lair:5   | Got a pair of spiked gloves
 28216 | Lair:5   | Identified the +1 pair of gloves of Kiap {*Corrode rF+ MP+9} (You acquired it on level 5 of the Lair of Beasts)
 28408 | Lair:5   | Reached skill level 1 in Translocations
 28611 | Lair:6   | Entered Level 6 of the Lair of Beasts
 28880 | Lair:6   | Reached XP level 16. HP: 110/110 MP: 22/22
 28902 | Lair:6   | Received a gift from Okawaru
 29282 | Lair:6   | Received a gift from Okawaru
 29960 | Lair:6   | Found a viscous altar of Jiyva.
 29960 | Lair:6   | Found a staircase to the Slime Pits.
 30590 | Lair:6   | Got a wavering golden ring
 30592 | Lair:6   | Identified the ring "Qiatynk" {Str+4 SInv} (You found it on level 6 of the Lair of Beasts)
 30694 | Shoals:1 | Entered Level 1 of the Shoals
 31003 | Shoals:1 | Reached skill level 17 in Fighting
 31245 | Shoals:1 | Found Acsubaf's Jewellery Shoppe.
 31253 | Shoals:1 | Bought a +6 ring of slaying for 2444 gold pieces
 31932 | Shoals:2 | Got a warped ring mail
 32021 | Shoals:2 | Received a gift from Okawaru
 32611 | Shoals:3 | Noticed Jorgrun
 32621 | Shoals:3 | Killed Jorgrun
 32626 | Shoals:3 | Reached skill level 1 in Dodging
 32626 | Shoals:3 | Reached XP level 17. HP: 109/118 MP: 18/23
 32966 | Shoals:3 | Noticed Roxanne
 32981 | Shoals:3 | Killed Roxanne
 32982 | Shoals:3 | Identified Roxanne's Papyrus of Clay (You took it off Roxanne on level 3 of the Shoals)
 33228 | Shoals:3 | Found Luxkiwuk's Armour Boutique.
 33696 | Shoals:4 | Entered Level 4 of the Shoals
 33696 | Shoals:4 | Noticed Ilsuiw
 33801 | Shoals:3 | Reached skill level 18 in Fighting
 33841 | Shoals:3 | Killed Ilsuiw
 33878 | Shoals:4 | Noticed Serafim's ghost (adept MiFi)
 33884 | Shoals:4 | Received a gift from Okawaru
 33910 | Shoals:4 | Noticed Polyphemus
 33916 | Shoals:4 | Mangled by a snapping turtle

Skill      XL: |  1  2  3  4  5  6  7  8  9 10 11 12 13 14 15 16 17 |
---------------+----------------------------------------------------+-----
Maces & Flails | 3 4 5 6 7 9 11 12 13 14 15 16 | 16.2
Shields        | 4 5 6 7 9 10 11 12 | 12.7
Invocations    | 3 7 8 |  8.0
Fighting       | 4 7 10 12 14 16 17 18 | 18.1
Armour         | 4 6 8 10 12 | 12.8
Throwing       | 3 5 |  5.1
Spellcasting   | 2 4 |  4.3
Translocations | 2 4 |  4.4
Dodging        | 1 3 |  3.0

Action                   |  1- 3 |  4- 6 |  7- 9 | 10-12 | 13-15 | 16-18 || total
-------------------------+-------+-------+-------+-------+-------+-------++-------
Melee: Flail             |   136 |   301 |   457 |   105 |       |       ||   999
       Whip              |       |       |       |  1680 |   714 |       ||  2394
       Morningstar       |       |       |       |       |  1146 |   815 ||  1961
 Fire: Arbalest          |       |       |       |    15 |       |       ||    15
       Blowgun           |       |       |       |     2 |       |       ||     2
Invok: Heroism           |       |       |       |    21 |    18 |     5 ||    44
       Finesse           |       |       |       |       |     7 |     1 ||     8
 Abil: Fly               |       |       |       |       |     1 |       ||     1
Evoke: Wand              |       |       |       |    28 |       |       ||    28
       Lightning rod     |       |       |       |     4 |       |       ||     4
  Use: Potion            |       |     1 |       |     1 |       |     1 ||     3
       Scroll            |       |       |       |    15 |    13 |     9 ||    37
 Stab: Distracted        |     1 |       |       |     1 |       |       ||     2
  Eat: Chunk             |     1 |     8 |    12 |    25 |    20 |    18 ||    84
       Meat ration       |       |       |     1 |     1 |     3 |       ||     5
       Fruit             |       |       |       |       |     2 |       ||     2
       Bread ration      |       |       |       |       |     1 |       ||     1
Armor: Scale mail        |    70 |   128 |    60 |       |       |       ||   258
       Chain mail        |       |       |   102 |   402 |   738 |   137 ||  1379
       Troll leather arm |       |       |       |       |       |   345 ||   345
Dodge: Dodged            |    37 |   142 |   176 |   426 |   567 |   323 ||  1671
       Deflected         |       |       |       |       |    26 |    22 ||    48
Block: Shield            |    60 |   148 |   272 |   885 |  1331 |   980 ||  3676
       Reflection        |       |       |     1 |    37 |    45 |    63 ||   146
